 Dungeon Crawl Stone Soup version 0.26.0-10-g1f06aea511 (webtiles) character file.

Game seed: 13561305257495634236

484 Arum the Covert (level 6, 0/32 HPs)
             Began as a Spriggan Brigand on Jan 21, 2021.
             Succumbed to a scorpion's poison
             ... on level 4 of the Dungeon.
             The game lasted 00:07:39 (4888 turns).

Arum the Covert (Spriggan Brigand)                  Turns: 4888, Time: 00:07:40

Health: 0/32       AC:  3    Str:  7    XL:     6   Next: 88%
Magic:  7/7        EV: 21    Int: 15    God:
Gold:   248        SH:  0    Dex: 21    Spells: 5/5 levels left

rFire    . . .     SeeInvis +   r - +0 dagger (speed)
rCold    . . .     Faith    +   (shield restricted)
rNeg     . . .     Spirit   .   t - +0 robe {Archmagi}
rPois    .         Reflect  .   (helmet restricted)
rElec    .         Harm     .   c - +0 cloak
rCorr    .         Rampage  .   (gloves unavailable)
Will     +....                  (boots unavailable)
Stlth    ++++......             n - amulet of faith
HPRegen  0.10/turn              q - ring of wizardry
MPRegen  0.10/turn              (no ring)

@: mighty, lethally poisoned (0 -> -6), flying, hasted, very quick
A: very small, unfitting armour, see invisible, agile 1, clever 1, speed 3,
evolution 1
a: no special abilities


You were on level 4 of the Dungeon.
You visited 1 branch of the dungeon, and saw 4 of its levels.

You collected 248 gold pieces.

Inventory:

Hand Weapons
 a - a +2 dagger
 r - a +0 dagger of speed (weapon)
Missiles
 d - 5 poisoned darts (quivered)
 e - 2 curare-tipped darts
Armour
 c - a +0 cloak (worn)
 t - a +0 robe of the Archmagi (worn)
Jewellery
 n - an amulet of faith (around neck)
 q - a ring of wizardry (left hand)
Scrolls
 f - 7 scrolls of identify {unknown}
 i - 5 scrolls of teleportation {unknown}
 l - a scroll of fear {unknown}
 o - a scroll of enchant weapon {unknown}
 p - a scroll of amnesia {unknown}


   Skills:
 + Level 3.3 Fighting
 + Level 4.4 Short Blades
 - Level 2.0 Throwing
 + Level 5.2 Dodging
 + Level 8.2 Stealth


You had 5 spell levels left.
You didn't know any spells.
Your spell library was empty.

Dungeon Overview and Level Annotations

Branches:
Dungeon (4/15)
 Temple: D:4-7

Altars:
Ashenzari
Trog

Annotations:
D:3 1 runed translucent door, trm's ghost, amateur DsCj


Innate Abilities, Weirdness & Mutations

You are very small and have problems with some larger weapons.
You are too small for most types of armour.
You have supernaturally acute eyesight. (SInv)
You cover ground extremely quickly.
You are agile. (Dex +2)
Your mind is acute. (Int +2)
You evolve.


Message History

* * * LOW HITPOINT WARNING * * *
The black bear closely misses you. x2
Unknown command.
Unknown command.
It was a potion of flight.
You feel very buoyant.
You fly up into the air.
* * * LOW HITPOINT WARNING * * *
You feel sick. The orc wizard misses you.
Unknown command.
It was a potion of mutation.
You feel extremely strange.
You feel agile.
You feel clever.
You feel nature experimenting on you.
Don't worry, failures die fast.
The black bear misses you.
The black bear completely misses you. x2
The orc wizard barely misses you.
* * * LOW HITPOINT WARNING * * *
You feel sick.
Unknown command.
The orc wizard misses you.
You die...

#.# #.# .# ..# #.#
... #.# #.##### #.#
#.# #.....# #.# #.#
#.###.# .. ###.#
#.# #.# #.# .h ...#
#.# #.# #.# #.
#.####.####.# #.#
#. #.@.[.......#
#.# #.
#.##...########.#
#. #####.##.###
#....#
##.###.###........#
#....#
#......o.Oho...####
#._..#
...#######.#####
#...## #.# ###.#
#.# #.# ###### #.#
########## #.#


There were no monsters in sight!

Vanquished Creatures
  2 ogres (D:4)
  A scorpion (D:4)
  An orc priest (D:3)
  A centaur skeleton (D:4)
  6 adders
  3 gnolls (D:2)
  2 oozes (D:3)
  2 worms
  3 dart slugs
  A leopard gecko (D:2)
  15 orcs
  5 giant cockroaches
  12 goblins
  5 hobgoblins (D:2)
  A quokka (D:4)
  A ball python (D:3)
  12 bats
  7 frilled lizards
  7 kobolds
  2 leopard gecko skeletons (D:4)
  10 rats
99 creatures vanquished.

Notes
Turn   | Place    | Note
-------+----------+-------------------------------------------
     0 | D:1      | Arum the Spriggan Brigand began the quest for the Orb.
     0 | D:1      | Reached XP level 1. HP: 10/10 MP: 2/2
    47 | D:1      | Reached skill level 6 in Stealth
    59 | D:1      | Reached XP level 2. HP: 14/15 MP: 3/3
  1025 | D:2      | Reached XP level 3. HP: 18/18 MP: 4/4
  1476 | D:2      | Reached XP level 4. HP: 18/23 MP: 5/5
  2720 | D:3      | Reached skill level 7 in Stealth
  3006 | D:3      | Found a runed translucent door.
  3006 | D:3      | Noticed trm's ghost (amateur DsCj)
  3037 | D:3      | Reached XP level 5. HP: 9/27 MP: 6/6
  3649 | D:3      | Found a broken altar of Ashenzari.
  4646 | D:4      | Noticed an ogre
  4650 | D:4      | Killed an ogre
  4651 | D:4      | Reached XP level 6. HP: 32/32 MP: 7/7
  4735 | D:4      | Reached skill level 5 in Dodging
  4735 | D:4      | Reached skill level 8 in Stealth
  4751 | D:4      | Found a bloodstained altar of Trog.
  4880 | D:4      | HP: 1/32 [poisoned by a scorpion]
  4881 | D:4      | Gained mutation: You are agile. (Dex +2) [potion of
                  | mutation]
  4881 | D:4      | Gained mutation: Your mind is acute. (Int +2) [potion of
                  | mutation]
  4881 | D:4      | Gained mutation: You evolve. [potion of mutation]
  4888 | D:4      | Succumbed to a scorpion's poison

Illustrated notes

Levels and vault maps discovered:
D:1:      erik_arrival_orb_chamber, layout_basic, grunt_decor_fettered
D:2:      layout_loops_ring
D:3:      layout_loops_ring, ashenzari_altar_1, ebering_ghost_inner_flame
D:4:      minmay_angry_zag, layout_loops_ring, nicolae_tso_swordbearing_angel,
          lemuel_doored_altar, bloody_trog

Skill      XL: |  1  2  3  4  5  6 |
---------------+-------------------+-----
Stealth        | 6 7 8 |  8.2
Dodging        | 2 3 4 5 |  5.2
Fighting       | 2 3 |  3.3
Short Blades   | 3 4 |  4.4
Throwing       | |  2.0

Action                   |  1- 3 |  4- 6 || total
-------------------------+-------+-------++-------
Melee: Dagger            |   119 |   358 ||   477
Throw: Dart              |       |     8 ||     8
  Use: Potion            |       |     6 ||     6
 Stab: Sleeping          |    14 |    17 ||    31
       Distracted        |       |     1 ||     1
Armor: Robe              |    20 |    28 ||    48
Dodge: Dodged            |   110 |   208 ||   318
